 Dungeon Sprint DCSS version 0.27.1-35-g4d5d836560 (webtiles) character file.

Game seed: 17695996467999814303

2 Baz the Firebug (level 1, -2/22 HPs)
             Began as a Draconian Fire Elementalist on May 1, 2022.
             Slain by a human (5 damage)
             ... in the Dungeon (Sprint III: "The Ten Rune Challenge").
             The game lasted 00:00:52 (162 turns).

Baz the Firebug (Draconian Fire Elementalist)        Turns: 162, Time: 00:00:53

Health: -2/22      AC:  4    Str: 10    XL:     1   Next: 33%
Magic:  0/3        EV: 12    Int: 15    God:
Gold:   6          SH:  0    Dex: 11    Spells: 3/4 levels left

rFire    . . .     SeeInvis .   (no weapon)
rCold    . . .     Faith    .   (no shield)
rNeg     . . .     Spirit   .   (armour unavailable)
rPois    .         Reflect  .   (helmet restricted)
rElec    .         Harm     .   (no cloak)
rCorr    .         Rampage  .   (no gloves)
Will     .....     NoTele   +   (no boots)
Stlth    ..........             (no amulet)
HPRegen  0.07/turn              (no ring)
MPRegen  0.08/turn              (no ring)

@: berserking, very quick
A: AC +4, unfitting armour, cold-blooded
a: no special abilities


You were in the Dungeon.
You visited 1 branch You collected 6 gold pieces.

Inventory:

Scrolls
 f - a scroll of blinking
Potions
 a - a potion of curing
 b - a potion of heal wounds
 c - a potion of haste
 d - 2 potions of magic


   Skills:
 + Level 0.9 Fighting
 - Level 1.7 Dodging
 - Level 1.7 Stealth
 * Level 2.4 Spellcasting
 + Level 1.3 Conjurations
 * Level 3.4 Fire Magic


You had 3 spell levels left.
You knew the following spells:

 Your Spells              Type           Power      Damage    Failure   Level
a - Foxfire               Conj/Fire      36%        2x1d5     8%          1

Your spell library contained the following spells:

 Spells                   Type           Power      Damage    Failure   Level
 Conjure Flame            Conj/Fire      9%         6-21      24%         3
 Inner Flame              Hex/Fire       6%         N/A       32%         3
 Sticky Flame             Conj/Fire      9%         2d3       61%         4
 Fireball                 Conj/Fire      4%         3d4       91%         5


Dungeon Overview and Level Annotations

Branches:
Dungeon (1/1)

Altars:


Innate Abilities, Weirdness & Mutations

Your plain brown scales are hard. (AC +4)
You cannot fit into any form of body armour.
You are cold-blooded and may be slowed by cold attacks.


Message History

The human is lightly wounded.
The foxfire hits the human.
The human is lightly wounded.
Unknown command.
Okay, then.
Unknown command.
The foxfire hits the human.
The human is moderately wounded.
The foxfire hits the human but does no damage.
The human is moderately wounded.
Casting: Foxfire (safe; 8% risk of failure)
Confirm with . or Enter, or press ? or * to list all spells.
You don't know that spell.
A red film seems to cover your vision as you go berserk!
You feel yourself moving faster!
You feel mighty! The human barely misses you.
You hit the human. You tail-slap the human.
The human is heavily wounded.
The human hits you!
You punch the human!
The human is severely wounded.
The human hits you!
You completely miss the human.
The human is severely wounded.
You miss the human. You tail-slap the human.
The human is severely wounded.
The human hits you.
* * * LOW HITPOINT WARNING * * *
You barely miss the human.
The human is severely wounded.
The human closely misses you.
You hit the human but do no damage.
Your tail-slap misses the human.
The human is severely wounded.
You barely miss the human.
The human is severely wounded.
The human hits you.
* * * LOW HITPOINT WARNING * * *
You miss the human.
The human is severely wounded.
The human hits you.
You die...

▓▓▓▓▓▓▓▓▓
▓<..#(..####
▓...#...†..##
▓..##.....@.#
▓##†##.##.p.# .#
##.##.###..# ..#
▓#.####.##..# ...+
▓.###..##..##
#p..# ▓#.....##..#
#§...#
###..##...##§....#
##†.##....#§.....#
#..###..##.#


You could see a human.

Vanquished Creatures
  4 rats (D)
4 creatures vanquished.

Vanquished Creatures (others)
  19 foxfires (D)
19 creatures vanquished.

Grand Total: 23 creatures vanquished

Notes
Turn   | Place    | Note
-------+----------+-------------------------------------------
     0 | D        | Baz the Draconian Fire Elementalist began the quest for the
                  | Orb.
     0 | D        | Reached XP level 1. HP: 14/14 MP: 3/3
   162 | D        | Slain by a human

Illustrated notes

Levels and vault maps discovered:
D:        dungeon_sprint_mu [sprint_mu_entry_cave, sprint_mu_temple_rooms,
          sprint_mu_d1_horrors, sprint_mu_d2_genie, sprint_mu_d3_branching,
          sprint_mu_orc_legion, sprint_mu_elf_gauntlet, sprint_mu_hive_nellie,
          sprint_mu_lair_fedhas, sprint_mu_vaults_butterflies,
          sprint_mu_slime_circle, sprint_mu_swamp_cave, sprint_mu_snake_twists,
          sprint_mu_blade_basic, sprint_mu_crypt_fortress,
          sprint_mu_tomb_spiral, sprint_mu_vestibule_basic,
          sprint_mu_gehenna_hellfire, sprint_mu_dis_giant,
          sprint_mu_tartarus_statrot, sprint_mu_cocytus_islands, sprint_mu_zot1]

Action                   || total
-------------------------++-------
Melee: Unarmed           ||     8
       Tailslap          ||     2
 Cast: Foxfire           ||    11
  Use: Potion            ||     1
Dodge: Dodged            ||     2
